 Dungeon Crawl Stone Soup version 0.29.0-5-ge4962eb29e (webtiles) character file.

Game seed: 5348914393607088487

3 themarg the Ruffian (level 1, -1/18 HPs)
             Began as a Naga Transmuter on Aug 29, 2022.
             Frozen to death by an endoplasm (4 damage)
             ... on level 1 of the Dungeon.
             The game lasted 00:00:37 (36 turns).

themarg the Ruffian (Naga Transmuter)                 Turns: 36, Time: 00:00:38

Health: -1/18      AC:  1    Str: 12    XL:     1   Next: 50%
Magic:  2/3        EV: 10    Int: 13    God:
Gold:   0          SH:  0    Dex: 17    Spells: 3/4 levels left

rFire   . . .      SeeInvis +     - Unarmed
rCold   . . .      Faith    .   (no shield)
rNeg    . . .      Spirit   .   a - +0 robe
rPois   +          Reflect  .   (helmet currently unavailable)
rElec   .          Harm     .   (no cloak)
rCorr   .          Rampage  .   (no gloves)
Will    .....                   (no barding)
Stlth   ++........              (no amulet)
HPRegen 0.06/turn               c - +6 ring of dexterity
MPRegen 0.08/turn               (no ring)

@: appendages (expiring), very slow
A: horns 2, AC +0, large, see invisible, deformed body, poison resistance,
slowness 2, spit poison 1, naga tail 1
a: Spit Poison, End Transformation


You were on level 1 of the Dungeon.
You had temporarily grown beastly horns.
You visited 1 branch of the dungeon, and saw 1 of its levels.

Inventory:

Armour
 a - a +0 robe (worn)
Jewellery
 c - a +6 ring of dexterity (left hand)
Potions
 b - a potion of lignification


   Skills:
 + Level 1.1 Fighting
 + Level 1.6 Dodging
 + Level 3.0 Unarmed Combat
 + Level 2.0 Spellcasting
 + Level 2.0 Transmutations


You had 3 spell levels left.
You knew the following spells:

 Your Spells              Type           Power      Damage    Failure   Level
a - Beastly Appendage     Tmut           12%        N/A       11%         1

Your spell library contained the following spells:

 Spells                   Type           Power      Damage    Failure   Level
 Wereblood                Tmut           6%         N/A       16%         2
 Spider Form              Tmut/Pois      4%         N/A       45%         3
 Ice Form                 Ice/Tmut       4%         N/A       86%         4


Dungeon Overview and Level Annotations

Branches:
Dungeon (1/15)

Altars:


Innate Abilities, Weirdness & Mutations

You have temporarily grown beastly horns.
Your serpentine skin is tough. (AC +0)
You have supernaturally acute eyesight. (SInv)
Armour fits poorly on your strangely shaped body.
Your system is resistant to poisons. (rPois)
You cover ground very slowly.
You can spit poison.
You have a snake-like lower body.


Message History

The kobold hits you with a +0 dagger of protection.
The kobold hits you with a +0 dagger.
The endoplasm quivers.
A ball python comes into view.
You hit the kobold but do no damage. The kobold closely misses you.
You hit the kobold but do no damage. Your headbutt misses the kobold.
The kobold hits you with a +0 dagger of protection.
You hit the kobold.
You kill the kobold!
You hit the kobold but do no damage. The kobold hits you with a +0 dagger.
You hit the kobold but do no damage. You headbutt the kobold.
You kill the kobold!
The ball python bites you.
You closely miss the ball python.
Your horns disappear.
The ball python bites you.
* * * LOW HITPOINT WARNING * * *
Casting: Beastly Appendage (safe; 11% risk of failure)
Confirm with . or Enter, or press ? or * to list all spells.
You grow a pair of large bovine horns.
Your transformation is almost over.
The ball python closely misses you.
You closely miss the ball python. The ball python bites you.
* * * LOW HITPOINT WARNING * * *
You hit the ball python.
The ball python is moderately wounded.
The ball python misses you.
You closely miss the ball python.
The ball python is moderately wounded.
The ball python closely misses you. The ball python barely misses you.
You hit the ball python but do no damage.
The ball python is moderately wounded.
The ball python barely misses you.
You hit the ball python but do no damage.
You headbutt the ball python.
You kill the ball python!
You barely miss the endoplasm. The endoplasm freezes you.
You are frozen.
You die...

##### #8.#. ###'#..
#..'#.<
#.##########.#'#..
...........#8.#.
#####..####.######
#.........>...#
#@##.#.#....###
#J##...#....#
......>.######.#..#
.#####... ..####
....# #### .#.#.#
#.#. .. . #. ## ##
#.


You could see an endoplasm.

Vanquished Creatures
  A ball python (D:1)
  2 kobolds (D:1)
3 creatures vanquished.

Notes
Turn   | Place    | Note
-------+----------+-------------------------------------------
     0 | D:1      | themarg the Naga Transmuter began the quest for the Orb.
     0 | D:1      | Reached XP level 1. HP: 18/18 MP: 3/3
    36 | D:1      | Frozen to death by an endoplasm

Illustrated notes

Levels and vault maps discovered:
D:1:      saegor_arrival_simple_c, layout_basic, ebering_ecumenical_altar_webs

Action                   || total
-------------------------++-------
Melee: Unarmed           ||    13
       Headbutt          ||     2
 Cast: Beastly Appendage ||     2
Dodge: Dodged            ||     6
